 Dungeon Crawl Stone Soup version 0.20.1 (webtiles) character file.

1206 polve the Transmogrifier (level 8, -5/59 HPs)
             Began as a Pale Draconian Transmuter on July 2, 2017.
             Shot with an arrow by a centaur (7 damage)
             ... on level 6 of the Dungeon.
             The game lasted 00:08:18 (7305 turns).

polve the Transmogrifier (DrTm)                     Turns: 7305, Time: 00:08:19

Health: -5/59      AC:  2    Str: 12      XL:     8   Next: 21%
Magic:  8/11       EV: 19    Int: 16      God:
Gold:   172        SH:  0    Dex: 13 (17) Spells: 0/11 levels left

rFire    . . .     SeeInvis +     - Unarmed
rCold    . . .     Gourm    .   (shield currently unavailable)
rNeg     + . .     Faith    .   (armour unavailable)
rPois    x         Spirit   .   (helmet currently unavailable)
rElec    .         Reflect  .   (cloak currently unavailable)
rCorr    .         Harm     .   (gloves currently unavailable)
MR       .....                  (boots currently unavailable)
Stlth    +.........             (no amulet)
Regen    0.2/turn               h - ring of positive energy
MPRegen  0.2/turn               w - ring of see invisible

@: spider-form
A: (breathe steam), unfitting armour, AC +6
a: End Transformation


You were on level 6 of the Dungeon.
You were very hungry.
You were a venomous arachnid creature.
You visited 1 branch of the dungeon, and saw 6 of its levels.

You collected 172 gold pieces.

Inventory:

Missiles
 a - 34 arrows (quivered)
Armour
 d - a +2 cloak (melded)
Jewellery
 h - a ring of positive energy (left front leg)
 w - a ring of see invisible (right front leg)
Wands
 x - a wand of flame (18/48)
Scrolls
 e - 3 scrolls of identify
 j - 2 scrolls of blinking {unknown}
 k - 3 scrolls of remove curse
 o - a scroll of teleportation {unknown}
 s - a scroll of magic mapping {unknown}
 t - 2 scrolls of recharging
 v - a scroll of enchant weapon {unknown}
Potions
 g - a potion of flight {unknown}
 i - 3 potions of brilliance {unknown}
 l - a potion of berserk rage {unknown}
 n - 2 potions of cancellation
 p - 2 potions of resistance
 r - 2 potions of might {unknown}
 u - 2 potions of lignification {unknown}
 A - 2 potions of ambrosia {unknown}
Books
 b - a book of Changes

   Spells                             Type                      Level
   a - Beastly Appendage              Transmutation                1
   b - Sticks to Snakes               Transmutation                2
   c - Spider Form                    Transmutation/Poison         3
   d - Ice Form                       Ice/Transmutation            4
   e - Blade Hands                    Transmutation                5
Comestibles
 c - 5 bread rations
 f - 3 meat rations
 m - 2 fruits
 q - a royal jelly


   Skills:
 + Level 1.2 Fighting
 - Level 1.7 Dodging
 + Level 3.1 Unarmed Combat
 - Level 2.0 Spellcasting
 - Level 10.0 Transmutations
 + Level 0.4 Poison Magic


You couldn't memorise any spells.
You knew the following spells:

 Your Spells              Type           Power        Failure   Level  Hunger
a - Beastly Appendage     Tmut           ####..       3%          1    #......
b - Sticks to Snakes      Tmut           ####....     3%          2    ###....
c - Spider Form           Tmut/Pois      ###.......   21%         3    ###....
d - Blade Hands           Tmut           ####......   24%         5    ######.


Dungeon Overview and Level Annotations

Branches:
Dungeon (6/15)
 Temple: D:4-7

Altars:


Innate Abilities, Weirdness & Mutations

((You can breathe blasts of scalding, opaque steam.))
((Your pale cyan-grey scales are hard. (AC +6)))
You cannot fit into any form of body armour.
((You are cold-blooded and may be slowed by cold attacks.))


Message History

Your magical contamination has completely faded away.
You start resting.
Magic restored.
You climb downwards.
You hear the sound of rushing water.
There is an entrance to a sewer on this level.
Hurry and find it before the portal rusts away!
You hear the slow rusting of a very distant drain.
The centaur shoots an arrow.
The arrow closely misses you.
The centaur shoots an arrow.
The arrow hits you.
The ogre hits you with a giant spiked club!
There is a stone staircase leading up, spattered with blood here.
You see here 3 arrows.
Casting: Spider Form
Confirm with . or Enter, or press ? or * to list all spells.
You turn into a venomous arachnid creature.
Your +2 cloak melds into your body.
The ogre hits you with a giant spiked club!!
* * * LOW HITPOINT WARNING * * *
The centaur shoots an arrow.
The arrow hits you!
You die...

.. # #. .## #.
#..# #. #... #.
..# ### #.##.#
....##..s.###
#.....(O(..#
#..........#
≈≈..........#
≈≈..........#
≈≈.............
≈≈.c...........
≈≈.............
##.............


You could see an ogre and a centaur.

Vanquished Creatures
  Grinder (D:3)
  A phantom (D:4)
  A scorpion (D:4)
  5 wights
  2 howler monkeys (D:4)
  A quasit (D:5)
  2 hounds (D:4)
  An orc priest (D:5)
  2 orc wizards
  A bullfrog skeleton (D:5)
  A worker ant (D:4)
  A hound zombie (D:5)
  6 gnolls
  7 adders
  An ooze (D:2)
  An adder skeleton (D:4)
  2 worms
  4 dart slugs
  5 leopard geckos
  12 orcs
  9 bats
  4 giant cockroaches
  6 hobgoblins
  8 jackals
  7 kobolds
  2 frilled lizards (D:1)
  4 goblins
  11 rats
108 creatures vanquished.

Vanquished Creatures (collateral kills)
  An ogre (D:4)
  Crazy Yiuf (D:2)
  An orc wizard (D:3)
  A gnoll (D:3)
  2 orcs (D:3)
6 creatures vanquished.

Grand Total: 114 creatures vanquished

Notes
Turn   | Place    | Note
-------+----------+-------------------------------------------
     0 | D:1      | polve the Draconian Transmuter began the quest for the Orb.
     0 | D:1      | Reached XP level 1. HP: 16/16 MP: 3/3
   197 | D:1      | Reached XP level 2. HP: 22/23 MP: 5/5
   203 | D:1      | Learned a level 2 spell: Sticks to Snakes
   296 | D:1      | Reached skill level 3 in Transmutations
   930 | D:1      | Reached XP level 3. HP: 28/28 MP: 6/6
  1248 | D:2      | Reached skill level 4 in Transmutations
  1912 | D:2      | Reached XP level 4. HP: 35/35 MP: 7/7
  2296 | D:2      | Found a runed door.
  2404 | D:2      | Noticed Crazy Yiuf
  2419 | D:2      | Killed Crazy Yiuf
  2543 | D:3      | Noticed Grinder
  2564 | D:3      | Paralysed by Grinder for 3 turns
  2675 | D:2      | Reached skill level 5 in Transmutations
  2873 | D:3      | Killed Grinder
  2873 | D:3      | Reached skill level 6 in Transmutations
  2873 | D:3      | Reached XP level 5. HP: 24/40 MP: 5/8
  2873 | D:3      | Reached XP level 6. HP: 28/47 MP: 5/9
  3689 | D:3      | Reached skill level 7 in Transmutations
  3879 | D:3      | Learned a level 3 spell: Spider Form
  4374 | D:4      | Your scales start taking on a pale cyan-grey colour.
  4374 | D:4      | Reached XP level 7. HP: 35/52 MP: 8/10
  4582 | D:4      | Reached skill level 8 in Transmutations
  5238 | D:4      | Reached skill level 9 in Transmutations
  5803 | D:4      | Reached XP level 8. HP: 31/59 MP: 11/11
  5813 | D:4      | Learned a level 5 spell: Blade Hands
  6147 | D:5      | Entered Level 5 of the Dungeon
  7136 | D:5      | Reached skill level 10 in Transmutations
  7305 | D:6      | HP: 2/59 [ogre/giant spiked club (29)]
  7305 | D:6      | Shot with an arrow by a centaur

Skill      XL: |  1  2  3  4  5  6  7  8 |
---------------+-------------------------+-----
Transmutations | 3 4 6 7 9 10 | 10.0
Fighting       | |  1.2
Dodging        | |  1.7
Unarmed Combat | |  3.1
Spellcasting   | |  2.0
Poison Magic   | |  0.4

Action                   |  1- 3 |  4- 6 |  7- 9 || total
-------------------------+-------+-------+-------++-------
Melee: Unarmed           |   187 |   146 |   202 ||   535
       Kick              |    10 |    12 |     9 ||    31
       Tailslap          |    12 |    14 |    19 ||    45
       Headbutt          |     2 |     6 |       ||     8
       Punch             |       |       |     1 ||     1
 Cast: Beastly Appendage |     6 |    10 |     4 ||    20
       Sticks to Snakes  |       |    11 |     1 ||    12
       Spider Form       |       |     2 |     2 ||     4
 Abil: Breathe Steam     |       |       |    14 ||    14
  Use: Scroll            |       |       |     6 ||     6
 Stab: Sleeping          |     1 |       |       ||     1
  Eat: Chunk             |     3 |     8 |    10 ||    21
       Fruit             |       |       |     2 ||     2
Armor: Skin              |    74 |    37 |   144 ||   255
Dodge: Dodged            |   153 |    80 |   238 ||   471
